[Event "European School-ch 2019"]
[Site "Mamaia"]
[Date "2019.05.31"]
[Round "1.1"]
[White "Schitco, Ivan"]
[Black "Verbin, Valentina"]
[Result "1-0"]
[ECO "D70"]
[WhiteElo "2437"]
[BlackElo "1961"]
[Annotator "ChessBase"]
[PlyCount "59"]
[EventDate "2019.05.31"]
[EventType "swiss"]
[EventCountry "ROU"]
[SourceTitle "playchess.com"]
[Source "ChessBase"]
[SourceQuality "1"]
[TimeControl "40/5400+30:1800+30"]

1. d4 Nf6 2. c4 g6 3. Nf3 Bg7 4. e3 O-O 5. Be2 d6 6. Nc3 Bf5 7. O-O c5 8. Nh4 Bc8 9. d5 e5 10. Nf3 a6 11. Qc2 Ne8 12. a3 f5 13. e4 b5 14. cxb5 axb5 15. Bxb5 Nc7 16. Be2 fxe4 17. Ng5 Bf5 18. Ngxe4 Nba6 19. Rb1 Qh4 20. f3 Rfb8 21. Be3 Qe7 22. Qd2 Ne8 23. Rbe1 Qb7 24. Bb5 Nac7 25. Bc6 Qxb2 26. Qxb2 Rxb2 27. Bxa8 Nxa8 28. Rb1 Rxb1 29. Rxb1 Nac7 30. Rb6 1-0

[Event "European School-ch 2019"]
[Site "Mamaia"]
[Date "2019.05.31"]
[Round "1.2"]
[White "Ozkurt, Kutay"]
[Black "Stoleriu, George"]
[Result "0-1"]
[ECO "C03"]
[WhiteElo "1885"]
[BlackElo "2372"]
[Annotator "ChessBase"]
[PlyCount "120"]
[EventDate "2019.05.31"]
[EventType "swiss"]
[EventCountry "ROU"]
[SourceTitle "playchess.com"]
[Source "ChessBase"]
[SourceQuality "1"]
[TimeControl "40/5400+30:1800+30"]

1. e4 e6 2. d4 d5 3. Nd2 Be7 4. Ngf3 Nf6 5. e5 Nfd7 6. Bd3 c5 7. c3 Nc6 8. O-O g5 9. dxc5 g4 10. Nd4 Ndxe5 11. Bb5 Bd7 12. Re1 Qc7 13. N2b3 Nxd4 14. Bxd7+ Nxd7 15. cxd4 h5 16. Bd2 Nf6 17. g3 h4 18. Bf4 Qd7 19. Be5 Rg8 20. Bxf6 Bxf6 21. Qc2 Rg6 22. Rac1 Rc8 23. Re2 Kf8 24. Qc3 Kg7 25. Qa5 a6 26. Qb4 Rh6 27. Na5 hxg3 28. fxg3 b6 29. Nb3 a5 30. Qxb6 a4 31. c6 Qc7 32. Qxc7 Rxc7 33. Na5 Bxd4+ 34. Kg2 Rh8 35. b4 axb3 36. axb3 Bb6 37. b4 Bxa5 38. bxa5 Ra8 39. Rc5 Ra6 40. Rec2 Kf8 41. Ra2 Ke7 42. Ra4 f5 43. h4 gxh3+ 44. Kxh3 Kd6 45. Rb5 Rcxc6 46. Rab4 Rc4 47. Rb1 Ke5 48. Kg2 Ra4 49. Re1+ Kf6 50. Rb8 R4xa5 51. Rf8+ Kg7 52. Re8 Kf7 53. Rh8 Ra1 54. Rxa1 Rxa1 55. Kf3 Kf6 56. Re8 Ra3+ 57. Kf2 Ke5 58. Rg8 Ke4 59. g4 f4 60. Re8 e5 0-1

[Event "European School-ch 2019"]
[Site "Mamaia"]
[Date "2019.05.31"]
[Round "1.3"]
[White "Gayun, Dmytro"]
[Black "Celik, Eylul"]
[Result "1/2-1/2"]
[ECO "D10"]
[WhiteElo "2259"]
[BlackElo "1840"]
[Annotator "ChessBase"]
[PlyCount "135"]
[EventDate "2019.05.31"]
[EventType "swiss"]
[EventCountry "ROU"]
[SourceTitle "playchess.com"]
[Source "ChessBase"]
[SourceQuality "1"]
[TimeControl "40/5400+30:1800+30"]

1. d4 d5 2. c4 c6 3. e3 e6 4. Nf3 Bd6 5. b3 Qe7 6. Bb2 f5 7. Bd3 Nf6 8. O-O O-O 9. Nc3 Ne4 10. Rc1 Nd7 11. Ne2 Qf6 12. Nf4 g5 13. Nh5 Qh6 14. Ne5 Nef6 15. Nxf6+ Qxf6 16. f4 g4 17. Qe1 Qg7 18. b4 Nf6 19. b5 Bd7 20. cxd5 cxd5 21. g3 Ne4 22. Qd1 h5 23. Bxe4 fxe4 24. Qb3 Bxe5 25. dxe5 Rac8 26. Rxc8 Rxc8 27. f5 Rf8 28. f6 Qf7 29. Bd4 Qe8 30. Bxa7 Bxb5 31. Rb1 Bc6 32. Bc5 Rf7 33. Be7 Rh7 34. Qb4 Kf7 35. Rf1 Rh8 36. Qd2 Qb8 37. Bd6 Qa7 38. Qf2 Rg8 39. Rb1 Qa6 40. Rb3 Qc4 41. Qb2 Qa6 42. a3 h4 43. Rc3 Qa4 44. Qc2 Qxc2 45. Rxc2 h3 46. Kf2 Ra8 47. Ke1 Ra4 48. Bb4 Ra8 49. Kd2 Rg8 50. Rb2 Rc8 51. Bd6 Ra8 52. Kc3 Ra4 53. Bb4 Ra8 54. Kd4 Rc8 55. Bc5 Ra8 56. Bb4 Rc8 57. Rc2 Bd7 58. Rxc8 Bxc8 59. Bd6 Bd7 60. Kc3 Bb5 61. Bc5 Ke8 62. Kb4 Ba6 63. Bd4 Kf7 64. Kc5 Ke8 65. a4 Kf7 66. Kd6 Bc4 67. Kd7 Ba6 68. Kd6 1/2-1/2

[Event "European School-ch 2019"]
[Site "Mamaia"]
[Date "2019.05.31"]
[Round "1.4"]
[White "Sahin, Hayrun Nisa"]
[Black "Bulau, Andrei-Cristian"]
[Result "1/2-1/2"]
[ECO "B30"]
[WhiteElo "1771"]
[BlackElo "2244"]
[Annotator "ChessBase"]
[PlyCount "76"]
[EventDate "2019.05.31"]
[EventType "swiss"]
[EventCountry "ROU"]
[SourceTitle "playchess.com"]
[Source "ChessBase"]
[SourceQuality "1"]
[TimeControl "40/5400+30:1800+30"]

1. e4 c5 2. Nf3 Nc6 3. Bb5 d6 4. O-O Bd7 5. h3 Nf6 6. Re1 a6 7. Bf1 e5 8. c3 Be7 9. d4 O-O 10. Bg5 h6 11. Bh4 Qc7 12. Na3 Rad8 13. Nc4 g5 14. Bg3 Nh5 15. Nfxe5 Nxg3 16. Nxc6 Bxc6 17. fxg3 d5 18. exd5 Bxd5 19. Qh5 Bf6 20. Ne3 Bg7 21. c4 Be4 22. d5 f5 23. g4 Qf4 24. Nxf5 Bxf5 25. gxf5 Qxf5 26. Rad1 Rd6 27. Rd2 Qf4 28. Rde2 Bd4+ 29. Kh1 Bf2 30. Re4 Qf5 31. R1e2 Rdf6 32. g4 Qf3+ 33. Bg2 Qg3 34. Re8 Bd4 35. Rxf8+ Rxf8 36. Qg6+ Kh8 37. Qxh6+ Kg8 38. Qg6+ Kh8 1/2-1/2

[Event "European School-ch 2019"]
[Site "Mamaia"]
[Date "2019.05.31"]
[Round "1.5"]
[White "Mammadov, Sadig"]
[Black "Paraschiv, Petronela-Alexandra"]
[Result "1-0"]
[ECO "B01"]
[WhiteElo "2205"]
[BlackElo "1760"]
[Annotator "ChessBase"]
[PlyCount "55"]
[EventDate "2019.05.31"]
[EventType "swiss"]
[EventCountry "ROU"]
[SourceTitle "playchess.com"]
[Source "ChessBase"]
[SourceQuality "1"]
[TimeControl "40/5400+30:1800+30"]

1. e4 d5 2. exd5 Qxd5 3. Nc3 Qa5 4. Bc4 Nf6 5. d3 c6 6. Nge2 Bf5 7. O-O e6 8. Bd2 Qc7 9. Ng3 Bg6 10. f4 Bc5+ 11. Kh1 O-O 12. Qf3 Nbd7 13. Rae1 b5 14. Bb3 a5 15. a4 b4 16. Nce4 Bd4 17. c3 bxc3 18. bxc3 Ba7 19. f5 exf5 20. Nxf5 Bh5 21. Qh3 Kh8 22. Nxf6 Nxf6 23. Bg5 Bg4 24. Qh4 Bxf5 25. Rxf5 Nd5 26. Bxd5 cxd5 27. Bf6 Rg8 28. Rh5 1-0

[Event "European School-ch 2019"]
[Site "Mamaia"]
[Date "2019.05.31"]
[Round "1.6"]
[White "Mocanu, Valeria"]
[Black "David, Bogdan-Emanuel"]
[Result "0-1"]
[ECO "B30"]
[WhiteElo "1760"]
[BlackElo "2162"]
[Annotator "ChessBase"]
[PlyCount "72"]
[EventDate "2019.05.31"]
[EventType "swiss"]
[EventCountry "ROU"]
[SourceTitle "playchess.com"]
[Source "ChessBase"]
[SourceQuality "1"]
[TimeControl "40/5400+30:1800+30"]

1. e4 c5 2. Nf3 Nc6 3. Bb5 d6 4. O-O Bd7 5. Re1 a6 6. Bf1 Nf6 7. c3 Bg4 8. h3 Bxf3 9. Qxf3 e6 10. Na3 Be7 11. Nc2 Qb6 12. d3 O-O 13. Rb1 Rac8 14. Qg3 Ne5 15. f4 Ng6 16. Qf2 Rfe8 17. Be3 Qc6 18. Be2 Qa4 19. Bf3 d5 20. e5 Nd7 21. g3 f6 22. exf6 Bxf6 23. f5 Nge5 24. fxe6 Nxf3+ 25. Qxf3 Ne5 26. Qd1 Rxe6 27. d4 Nc6 28. dxc5 Qxa2 29. Nd4 Re4 30. Nxc6 bxc6 31. Qd2 Rb8 32. Kg2 a5 33. Bf2 Rxe1 34. Bxe1 Qxb1 35. b4 axb4 36. cxb4 Qb2 0-1

[Event "European School-ch 2019"]
[Site "Mamaia"]
[Date "2019.05.31"]
[Round "1.7"]
[White "Ceres, Dragos"]
[Black "Priechodsky, Radovan"]
[Result "1-0"]
[ECO "B31"]
[WhiteElo "2317"]
[BlackElo "1820"]
[Annotator "ChessBase"]
[PlyCount "86"]
[EventDate "2019.05.31"]
[EventType "swiss"]
[EventCountry "ROU"]
[SourceTitle "playchess.com"]
[Source "ChessBase"]
[SourceQuality "1"]
[TimeControl "40/5400+30:1800+30"]

1. e4 c5 2. Nf3 Nc6 3. Bb5 g6 4. O-O Bg7 5. Nc3 Nf6 6. e5 Nh5 7. Bxc6 bxc6 8. d3 d6 9. Re1 O-O 10. h3 dxe5 11. Nxe5 Qc7 12. Qe2 Nf6 13. Na4 Nd5 14. Nxc5 f6 15. Nf3 e5 16. c4 Qb6 17. Nb3 Nc7 18. Be3 Qb8 19. Bc5 Ne6 20. Bxf8 Nf4 21. Qe4 Kxf8 22. d4 f5 23. Qe3 e4 24. Ne5 Bxe5 25. dxe5 Nd3 26. Red1 Qb4 27. Rxd3 exd3 28. Qxd3 Be6 29. Rc1 Ke7 30. a3 Qb8 31. Na5 Qc7 32. b4 Rd8 33. Qe3 Kf7 34. Qc5 Bd7 35. Rd1 Be6 36. Rxd8 Qxd8 37. Nxc6 Qd1+ 38. Kh2 Qd7 39. Qxa7 Qxa7 40. Nxa7 Bxc4 41. b5 Ke6 42. b6 Ba6 43. f4 Kd5 1-0

[Event "European School-ch 2019"]
[Site "Mamaia"]
[Date "2019.05.31"]
[Round "1.8"]
[White "Gleizer, Adar"]
[Black "Ognean, Mihnea-Ionut"]
[Result "0-1"]
[ECO "B33"]
[WhiteElo "1759"]
[BlackElo "2260"]
[Annotator "ChessBase"]
[PlyCount "52"]
[EventDate "2019.05.31"]
[EventType "swiss"]
[EventCountry "ROU"]
[SourceTitle "playchess.com"]
[Source "ChessBase"]
[SourceQuality "1"]
[TimeControl "40/5400+30:1800+30"]

1. e4 c5 2. Nf3 Nc6 3. d4 cxd4 4. Nxd4 Nf6 5. Nc3 e5 6. Ndb5 d6 7. Bg5 a6 8. Na3 b5 9. Nd5 Be7 10. Bxf6 Bxf6 11. c3 Bg5 12. Nc2 Rb8 13. a3 O-O 14. Be2 Be6 15. Ncb4 Qc8 16. a4 Nxb4 17. Nxb4 a5 18. Nd5 bxa4 19. Qc2 f5 20. Bf3 Qc5 21. Rd1 a3 22. bxa3 Qxa3 23. O-O Rb2 24. Qd3 Qc5 25. exf5 Bxf5 26. Be4 Bxe4 0-1

[Event "European School-ch 2019"]
[Site "Mamaia"]
[Date "2019.05.31"]
[Round "1.9"]
[White "Padurariu, Mihai-Edward"]
[Black "Ovcharenko, Hryhoriy"]
[Result "1/2-1/2"]
[ECO "B20"]
[WhiteElo "2090"]
[BlackElo "1740"]
[Annotator "NA"]
[PlyCount "85"]
[EventDate "2019.05.31"]
[EventType "swiss"]
[EventCountry "ROU"]
[SourceTitle "playchess.com"]
[Source "ChessBase"]
[SourceQuality "1"]
[TimeControl "40/5400+30:1800+30"]

1. e4 c5 2. b3 Nc6 3. Bb2 e5 4. Bc4 Nf6 5. Nc3 d6 6. Nge2 a6 7. a4 g6 8. d3 Bg7 9. O-O O-O 10. h3 Be6 11. Qd2 Ne7 12. f4 exf4 13. Nxf4 d5 14. exd5 Bxd5 15. Ncxd5 Nexd5 16. Nxd5 Nxd5 17. Bxg7 Kxg7 18. Qf2 Rc8 19. Qf3 Nb4 20. Qxb7 Rc7 21. Qf3 Qd4+ 22. Kh1 Nxc2 23. Ra2 Ne3 24. Re1 Nxc4 25. dxc4 Rd8 26. Rae2 Rcd7 27. Re5 Qd3 28. R5e3 Qd6 29. Qe4 Qd4 30. Qc6 Rd6 31. Qc7 R8d7 32. Qc8 Rd8 33. Qb7 R8d7 34. Qf3 Rf6 35. Qg3 Qd2 36. Qe5 Qd4 37. Qb8 Rd8 38. Qh2 Qd2 39. Qg3 Rd7 40. Qg5 Rf5 41. Qg3 h5 42. Re5 Rd3 43. R5e3 1/2-1/2

[Event "European School-ch 2019"]
[Site "Mamaia"]
[Date "2019.05.31"]
[Round "1.10"]
[White "Dotsenko, Makar"]
[Black "Ochedzan, Tymon"]
[Result "0-1"]
[ECO "A50"]
[WhiteElo "1610"]
[BlackElo "2064"]
[Annotator "NA"]
[PlyCount "68"]
[EventDate "2019.05.31"]
[EventType "swiss"]
[EventCountry "ROU"]
[SourceTitle "playchess.com"]
[Source "ChessBase"]
[SourceQuality "1"]
[TimeControl "40/5400+30:1800+30"]

1. d4 Nf6 2. c4 g6 3. f3 Bg7 4. e4 d6 5. Be3 O-O 6. Nc3 c5 7. Nge2 Qa5 8. Qd2 Nc6 9. d5 Ne5 10. Ng3 h5 11. Be2 a6 12. O-O Bd7 13. h3 h4 14. f4 Nxc4 15. Bxc4 hxg3 16. e5 Nh7 17. e6 fxe6 18. dxe6 Bb5 19. Bxb5 Bxc3 20. bxc3 Qxb5 21. Qc2 Rf5 22. c4 Qc6 23. Rf3 Nf6 24. Rxg3 Kh7 25. Rxg6 Kxg6 26. g4 Qe4 27. gxf5+ Kxf5 28. Qxe4+ Nxe4 29. Rb1 b5 30. cxb5 axb5 31. Rxb5 Rxa2 32. h4 Ng3 33. Rb7 Kxe6 34. h5 Nxh5 0-1

[Event "European School-ch 2019"]
[Site "Mamaia"]
[Date "2019.05.31"]
[Round "1.11"]
[White "Balan, Bogdan"]
[Black "Styazhkin, Nikita"]
[Result "1-0"]
[ECO "A52"]
[WhiteElo "2027"]
[BlackElo "1525"]
[Annotator "NA"]
[PlyCount "58"]
[EventDate "2019.05.31"]
[EventType "swiss"]
[EventCountry "ROU"]
[SourceTitle "playchess.com"]
[Source "ChessBase"]
[SourceQuality "1"]
[TimeControl "40/5400+30:1800+30"]

1. d4 Nf6 2. c4 e5 3. dxe5 Ng4 4. Nf3 Bc5 5. e3 Nc6 6. Qd5 Qe7 7. a3 a5 8. b3 O-O 9. Bb2 Re8 10. Nbd2 Ngxe5 11. Ne4 Ba7 12. c5 b6 13. Nxe5 Nxe5 14. Qxa8 Nc6 15. Ng3 bxc5 16. Bc4 Ba6 17. Qxe8+ Qxe8 18. Bxa6 d5 19. Bb5 Qe6 20. Bxc6 Qxc6 21. O-O Qb5 22. Rfb1 Bb6 23. Nf5 c6 24. Nxg7 d4 25. Nf5 d3 26. a4 Qb4 27. Ne7+ Kf8 28. Nxc6 Qe4 29. Ne5 Ke7 1-0

[Event "European School-ch 2019"]
[Site "Mamaia"]
[Date "2019.05.31"]
[Round "1.12"]
[White "Silich, Yahor"]
[Black "Pancewicz, Szymon"]
[Result "1-0"]
[ECO "B30"]
[WhiteElo "2170"]
[BlackElo "1572"]
[Annotator "ChessBase"]
[PlyCount "84"]
[EventDate "2019.05.31"]
[EventType "swiss"]
[EventCountry "ROU"]
[SourceTitle "playchess.com"]
[Source "ChessBase"]
[SourceQuality "1"]
[TimeControl "40/5400+30:1800+30"]

1. e4 c5 2. Nf3 Nc6 3. Bb5 e6 4. O-O Nge7 5. Re1 a6 6. Bxc6 Nxc6 7. d4 cxd4 8. Nxd4 Be7 9. Nxc6 dxc6 10. Qh5 O-O 11. e5 c5 12. Nc3 b5 13. Qg4 Kh8 14. Bf4 Bb7 15. Rad1 Qc7 16. Rd3 Rad8 17. Rh3 g6 18. Rh6 Kg7 19. Rh3 Rh8 20. Bh6+ Kg8 21. Rf3 Bxf3 22. Qxf3 b4 23. Nb1 Bf8 24. Bf4 h5 25. Nd2 Rd4 26. Ne4 Be7 27. c3 bxc3 28. bxc3 Rd5 29. Qe3 Kg7 30. Nf6 Rdd8 31. Bg5 c4 32. Qf4 Rd3 33. Bh6+ Rxh6 34. Ne8+ Kg8 35. Nxc7 g5 36. Qxc4 Rd7 37. Nxa6 Rh8 38. Qc8+ Rd8 39. Qc7 Kf8 40. Nc5 g4 41. a4 Bg5 42. a5 Kg7 1-0

[Event "European School-ch 2019"]
[Site "Mamaia"]
[Date "2019.05.31"]
[Round "1.13"]
[White "Kan, Toby"]
[Black "Creanga, Robert-Ionut"]
[Result "0-1"]
[ECO "B07"]
[WhiteElo "1550"]
[BlackElo "2128"]
[Annotator "ChessBase"]
[PlyCount "136"]
[EventDate "2019.05.31"]
[EventType "swiss"]
[EventCountry "ROU"]
[SourceTitle "playchess.com"]
[Source "ChessBase"]
[SourceQuality "1"]
[TimeControl "40/5400+30:1800+30"]

1. e4 d6 2. d4 Nf6 3. Nc3 g6 4. Bg5 Bg7 5. Qd2 h6 6. Bh4 O-O 7. O-O-O c6 8. f3 b5 9. Bd3 b4 10. Nce2 Qb6 11. g4 Nbd7 12. g5 hxg5 13. Bxg5 Re8 14. h4 Nh5 15. Bc4 e5 16. Be3 Qb7 17. d5 c5 18. Qd3 a6 19. Bb3 Nb6 20. f4 Bd7 21. fxe5 Bb5 22. c4 bxc3 23. Qxc3 Bxe5 24. Qd2 Bc4 25. Qc2 Bxe2 26. Nxe2 c4 27. Bxb6 cxb3 28. Qxb3 Rab8 29. Bd4 Qxb3 30. axb3 Rxb3 31. Kc2 Rf3 32. Rd3 Rxd3 33. Kxd3 Bf6 34. Bxf6 Nxf6 35. Ng3 Rb8 36. Kc3 a5 37. Ra1 Rb5 38. Ra4 Nd7 39. Ne2 Nc5 40. Rc4 Rb3+ 41. Kc2 Rb4 42. Rxb4 axb4 43. Ng3 Kg7 44. Kd2 Kf6 45. Ke2 Ke5 46. Ke3 Na4 47. Ne2 Nxb2 48. Nc1 Nd1+ 49. Kd3 Nf2+ 50. Ke3 Nxe4 51. Nd3+ Kxd5 52. Nxb4+ Kc4 53. Kxe4 Kxb4 54. Kd5 f5 55. Kxd6 f4 56. Ke6 f3 57. Kf6 f2 58. Kxg6 f1=Q 59. h5 Qf8 60. Kh7 Kc5 61. Kg6 Qh8 62. h6 Kd6 63. Kf7 Qxh6 64. Kg8 Qf6 65. Kh7 Qg5 66. Kh8 Ke7 67. Kh7 Kf8 68. Kh8 Qh6# 0-1

[Event "European School-ch 2019"]
[Site "Mamaia"]
[Date "2019.05.31"]
[Round "1.14"]
[White "Tashev, Aleksandar"]
[Black "Zheng, Jerry Z"]
[Result "1-0"]
[ECO "A05"]
[WhiteElo "2106"]
[BlackElo "1520"]
[Annotator "ChessBase"]
[PlyCount "65"]
[EventDate "2019.05.31"]
[EventType "swiss"]
[EventCountry "ROU"]
[SourceTitle "playchess.com"]
[Source "ChessBase"]
[SourceQuality "1"]
[TimeControl "40/5400+30:1800+30"]

1. Nf3 Nf6 2. g3 e6 3. Bg2 Be7 4. O-O d5 5. d4 b6 6. c4 Bb7 7. Nc3 Nbd7 8. Ne5 c6 9. e4 dxe4 10. Nxe4 Nxe4 11. Bxe4 Qc7 12. Bf4 Bd6 13. Qf3 Nxe5 14. dxe5 Bxe5 15. Bxe5 Qxe5 16. Bxc6+ Bxc6 17. Qxc6+ Ke7 18. Rae1 Qd6 19. Qb7+ Qd7 20. Qf3 Rac8 21. Qa3+ Kf6 22. Re4 Rhd8 23. Qc3+ Ke7 24. Qxg7 Qa4 25. Rfe1 Rc6 26. Qg5+ Ke8 27. Rf4 Qb4 28. Qg8+ Qf8 29. Qxh7 Rd2 30. Rg4 Qc5 31. Rg8+ Ke7 32. Qh4+ Kd6 33. Qd8# 1-0

[Event "European School-ch 2019"]
[Site "Mamaia"]
[Date "2019.05.31"]
[Round "1.15"]
[White "Gimenez Sanchez, Leo"]
[Black "Levin, Guy"]
[Result "0-1"]
[ECO "B90"]
[WhiteElo "1475"]
[BlackElo "2052"]
[Annotator "NA"]
[PlyCount "70"]
[EventDate "2019.05.31"]
[EventType "swiss"]
[EventCountry "ROU"]
[SourceTitle "playchess.com"]
[Source "ChessBase"]
[SourceQuality "1"]
[TimeControl "40/5400+30:1800+30"]

1. e4 c5 2. Nf3 d6 3. d4 cxd4 4. Nxd4 Nf6 5. Nc3 a6 6. f3 e5 7. Nb3 Be7 8. Be3 Be6 9. Qd2 O-O 10. O-O-O Nbd7 11. g4 b5 12. Qf2 Qc7 13. Nd5 Bxd5 14. exd5 a5 15. g5 Nh5 16. Bxb5 a4 17. Nd2 a3 18. b3 f5 19. f4 exf4 20. Bxf4 Qc3 21. Nc4 Nc5 22. Qe3 Nxf4 23. Qxc3 Ne2+ 24. Kd2 Ne4+ 25. Kxe2 Nxc3+ 26. Kf3 Nxb5 27. h4 Nc3 28. Rde1 Nxd5 29. Nxd6 Bxd6 30. Rd1 Nc3 31. Rxd6 Nxa2 32. g6 Nb4 33. c3 a2 34. gxh7+ Kxh7 35. Rdd1 Nc2 0-1

[Event "European School-ch 2019"]
[Site "Mamaia"]
[Date "2019.05.31"]
[Round "1.16"]
[White "Simonyan, Grigori"]
[Black "Hussain, Adam"]
[Result "1-0"]
[ECO "C03"]
[WhiteElo "1979"]
[BlackElo "1475"]
[Annotator "NA"]
[PlyCount "89"]
[EventDate "2019.05.31"]
[EventType "swiss"]
[EventCountry "ROU"]
[SourceTitle "playchess.com"]
[Source "ChessBase"]
[SourceQuality "1"]
[TimeControl "40/5400+30:1800+30"]

1. e4 e6 2. d4 d5 3. Nd2 Nc6 4. c3 Nf6 5. e5 Nd7 6. f4 Be7 7. Ndf3 f6 8. Bd3 Rb8 9. a4 a6 10. a5 b6 11. axb6 Rxb6 12. b4 Na7 13. Nd2 O-O 14. Ngf3 f5 15. Nb3 Nb5 16. Bd2 Nb8 17. Nc5 h6 18. O-O Rf7 19. h3 g5 20. fxg5 hxg5 21. g4 Rg7 22. Kf2 Qe8 23. Qc1 Qd8 24. gxf5 exf5 25. c4 dxc4 26. Qxc4+ Kh8 27. d5 Qe8 28. Nd4 Nxd4 29. Qxd4 Rh6 30. Rae1 Rh4 31. Qe3 f4 32. Qe4 f3 33. Qe3 Bxh3 34. d6 Bxf1 35. Rxf1 Bd8 36. Bc3 Rh2+ 37. Ke1 cxd6 38. e6 dxc5 39. Qe5 Qe7 40. Qxh2+ Kg8 41. Bxg7 Qxg7 42. Rxf3 Nc6 43. Bc4 Ne5 44. e7+ Nxc4 45. exd8=Q+ 1-0

[Event "European School-ch 2019"]
[Site "Mamaia"]
[Date "2019.05.31"]
[Round "1.17"]
[White "Demenshin, Semen"]
[Black "Dobre, Radu-Fabian"]
[Result "0-1"]
[ECO "E06"]
[WhiteElo "1446"]
[BlackElo "1978"]
[Annotator "NA"]
[PlyCount "84"]
[EventDate "2019.05.31"]
[EventType "swiss"]
[EventCountry "ROU"]
[SourceTitle "playchess.com"]
[Source "ChessBase"]
[SourceQuality "1"]
[TimeControl "40/5400+30:1800+30"]

1. d4 d5 2. c4 e6 3. g3 Nf6 4. Bg2 Be7 5. Nf3 O-O 6. O-O b6 7. Ne5 Bb7 8. Nc3 Na6 9. b3 c5 10. Bb2 Rc8 11. Nb5 Ra8 12. Rc1 Ne4 13. f3 Nf6 14. Re1 dxc4 15. Rxc4 Nb4 16. a4 a6 17. Na3 Bd5 18. Rc1 cxd4 19. Kh1 Qb8 20. Bxd4 Rd8 21. Nac4 Bxc4 22. Rxc4 b5 23. Rc1 Qd6 24. f4 Rac8 25. e3 Nfd5 26. Be4 g6 27. h4 Rxc1 28. Qxc1 f6 29. Nf3 Qd7 30. Qb2 Kf7 31. g4 e5 32. fxe5 Qxg4 33. exf6 Qxe4 34. Qg2 Kg8 35. Rf1 Bxf6 36. Bxf6 Nxf6 37. Qg5 Rd1 38. Rxd1 Qxf3+ 39. Qg2 Qxd1+ 40. Kh2 Nd3 41. Qg5 Qe2+ 42. Kg1 Qg4+ 0-1

[Event "European School-ch 2019"]
[Site "Mamaia"]
[Date "2019.05.31"]
[Round "1.18"]
[White "Nastore, Pavel-Alexandru"]
[Black "Pelling, Kyle"]
[Result "1-0"]
[ECO "B13"]
[WhiteElo "1942"]
[BlackElo "1436"]
[Annotator "NA"]
[PlyCount "81"]
[EventDate "2019.05.31"]
[EventType "swiss"]
[EventCountry "ROU"]
[SourceTitle "playchess.com"]
[Source "ChessBase"]
[SourceQuality "1"]
[TimeControl "40/5400+30:1800+30"]

1. e4 c6 2. d4 d5 3. exd5 cxd5 4. c4 Nf6 5. Nc3 Nc6 6. Nf3 Bg4 7. cxd5 Nxd5 8. Qb3 Nxc3 9. bxc3 Bxf3 10. gxf3 Qc8 11. Rb1 e6 12. Qxb7 Qxb7 13. Rxb7 Rc8 14. Bb5 Bd6 15. Rxa7 O-O 16. Bxc6 Rxc6 17. Bd2 Rb8 18. Ke2 Rc7 19. Ra6 Be7 20. Kd3 Rcb7 21. Bf4 Rd8 22. Rc1 Bf6 23. Re1 Rb5 24. a4 Rbd5 25. Kc2 h6 26. Rb6 Ra8 27. Kb3 Rda5 28. Rb8+ Rxb8+ 29. Bxb8 Rf5 30. f4 Rh5 31. Bc7 Kf8 32. a5 Rb5+ 33. Kc4 Rb7 34. Bb6 Ke8 35. Kb5 Bd8 36. Kc6 Rb8 37. Rb1 Bxb6 38. Rxb6 Ra8 39. a6 Kd8 40. Kb7 Rc8 41. Rd6+ {[%emt 0:18:17] Ra8} 1-0

[Event "European School-ch 2019"]
[Site "Mamaia"]
[Date "2019.05.31"]
[Round "1.19"]
[White "Samunenkov, Ihor"]
[Black "Shek, Daniel"]
[Result "1-0"]
[ECO "A45"]
[WhiteElo "1972"]
[BlackElo "1415"]
[Annotator "NA"]
[PlyCount "45"]
[EventDate "2019.05.31"]
[EventType "swiss"]
[EventCountry "ROU"]
[SourceTitle "playchess.com"]
[Source "ChessBase"]
[SourceQuality "1"]
[TimeControl "40/5400+30:1800+30"]

1. d4 Nf6 2. g3 g6 3. Bg2 Bg7 4. e4 d6 5. Nc3 O-O 6. Nge2 c5 7. dxc5 dxc5 8. Qxd8 Rxd8 9. e5 Ne8 10. f4 Nc7 11. Bd2 e6 12. O-O-O Nc6 13. Be3 Na6 14. Rxd8+ Nxd8 15. Rd1 Nc6 16. Ne4 Bf8 17. Nd6 Bxd6 18. Rxd6 c4 19. Nc3 Nab4 20. a3 Na6 21. Bxc6 bxc6 22. Rxc6 Bb7 23. Rxc4 1-0

[Event "European School-ch 2019"]
[Site "Mamaia"]
[Date "2019.05.31"]
[Round "1.20"]
[White "Monga, Kanav"]
[Black "Cnejev, Vladimir-Alexandru"]
[Result "0-1"]
[ECO "D00"]
[WhiteElo "1386"]
[BlackElo "1970"]
[Annotator "NA"]
[PlyCount "76"]
[EventDate "2019.05.31"]
[EventType "swiss"]
[EventCountry "ROU"]
[SourceTitle "playchess.com"]
[Source "ChessBase"]
[SourceQuality "1"]
[TimeControl "40/5400+30:1800+30"]

1. d4 d5 2. Bf4 Nf6 3. e3 e6 4. c3 c5 5. Nd2 Nc6 6. Ngf3 Bd6 7. Bg3 O-O 8. Bd3 b6 9. Ne5 Bb7 10. O-O Qc7 11. f4 Ne7 12. Qf3 Nf5 13. Bf2 Be7 14. Rfe1 Nd6 15. Bh4 Nfe4 16. Bxe7 Qxe7 17. Qh3 a5 18. Nf1 c4 19. Bc2 b5 20. Ng3 f6 21. Nf3 b4 22. Nd2 bxc3 23. bxc3 f5 24. Ndxe4 dxe4 25. Red1 Nb5 26. Ne2 Qa3 27. Rdc1 Rab8 28. Rab1 Bc6 29. Bd1 Nc7 30. Rxb8 Rxb8 31. Qh4 Nd5 32. Qg3 Rb2 33. Qg5 Rxe2 34. Bxe2 Qxc1+ 35. Kf2 Qxe3+ 36. Kf1 Nxf4 37. Qd8+ Kf7 38. Qc7+ Kg6 0-1

[Event "European School-ch 2019"]
[Site "Mamaia"]
[Date "2019.05.31"]
[Round "1.21"]
[White "Magold, Filip"]
[Black "Doychev, Ivan"]
[Result "1-0"]
[ECO "B44"]
[WhiteElo "1884"]
[BlackElo "1380"]
[Annotator "NA"]
[PlyCount "55"]
[EventDate "2019.05.31"]
[EventType "swiss"]
[EventCountry "ROU"]
[SourceTitle "playchess.com"]
[Source "ChessBase"]
[SourceQuality "1"]
[TimeControl "40/5400+30:1800+30"]

1. e4 c5 2. Nf3 e6 3. d4 cxd4 4. Nxd4 Nc6 5. Nxc6 bxc6 6. Bd3 d6 7. Nd2 Nf6 8. Qe2 Qc7 9. O-O Be7 10. Nc4 d5 11. exd5 exd5 12. Ne5 O-O 13. Bf4 Bd6 14. Rae1 Re8 15. h3 Nd7 16. Bxh7+ Kxh7 17. Qh5+ Kg8 18. Qxf7+ Kh7 19. Qg6+ Kg8 20. Qxe8+ Kh7 21. Qg6+ Kg8 22. Nxd7 Bxd7 23. Bxd6 Qd8 24. Re7 Qf8 25. Rxd7 Qf6 26. Qg3 Re8 27. Rd1 Qxb2 28. c3 1-0

[Event "European School-ch 2019"]
[Site "Mamaia"]
[Date "2019.05.31"]
[Round "1.22"]
[White "Esiri, Jack"]
[Black "Gurel, Ediz"]
[Result "0-1"]
[ECO "B43"]
[WhiteElo "1365"]
[BlackElo "1858"]
[Annotator "NA"]
[PlyCount "66"]
[EventDate "2019.05.31"]
[EventType "swiss"]
[EventCountry "ROU"]
[SourceTitle "playchess.com"]
[Source "ChessBase"]
[SourceQuality "1"]
[TimeControl "40/5400+30:1800+30"]

1. e4 c5 2. Nf3 a6 3. d4 cxd4 4. Nxd4 e6 5. Nc3 g6 6. Be3 Bg7 7. Bc4 Ne7 8. Bb3 O-O 9. O-O d6 10. f4 Nbc6 11. Rb1 Na5 12. Qe1 Nxb3 13. Nxb3 Qc7 14. Qh4 f5 15. Bd4 fxe4 16. g4 d5 17. Be5 Qd8 18. Bxg7 Kxg7 19. Rbd1 Qc7 20. Nd4 Rf7 21. Rd2 Bd7 22. Rg2 Raf8 23. Nd1 e5 24. Nf5+ gxf5 25. gxf5+ Kh8 26. f6 Rxf6 27. Qg5 Rg6 28. Qxe7 Rxg2+ 29. Kh1 Rgg8 30. Rg1 Rxg1+ 31. Kxg1 Rg8+ 32. Kh1 Bg4 33. Qf6+ Qg7 0-1